[ AOE2 MATCH · #506331206 ]
UnrankedSpanish vs Aztecs
Player's team · LOSS
Rival team · WIN
[ REPLAY ANALYSIS · EXTRACTED FROM THE RECORDED GAME ]
Feudal
10:50
Castle
—
Imperial
—
| APM avg | 25.7 |
| APM peak | 67 |
| eAPM avg | 13.2 |
| Villagers / military | 57 / 11 |
Focus
⚔️ 39.6% · 🌾 60.4%
Skirmisher ×6 · Archer ×4 · Spearman ×1
Feudal
11:48
Castle
—
Imperial
—
| APM avg | 60.7 |
| APM peak | 102 |
| eAPM avg | 25.1 |
| Villagers / military | 25 / 30 |
Focus
⚔️ 38.8% · 🌾 61.2%
Archer ×11 · Militia ×11 · Skirmisher ×4 · Spearman ×2 · Eagle Scout ×2
Match map
Initial resources + every placement click. Lines = walls · curves = elevation contours. ◆ gold · ⬟ stone · ● berries · ✦ relic · ◌ wall gap
Your base· Open — unwalled flank
Philippvs II's base· Open — unwalled flank
Smoothed initial terrain · ◌ = detected wall gap · hover for details
Inputs per minute
— Judasrules - - Philippvs II
Build order — Judasrules
116 actions detected in the replay
| 0:00 | Queue | Villager (Male) |
| 0:00 | Queue | Villager (Male) |
| 0:02 | Build | House |
| 0:07 | Build | House |
| 0:09 | Queue | Villager (Male) |
| 0:09 | Queue | Villager (Male) |
| 0:10 | Queue | Villager (Male) |
| 1:29 | Queue | Villager (Male) |
| 1:57 | Queue | Villager (Male) |
| 2:11 | Queue | Villager (Male) |
| 2:46 | Queue | Villager (Male) |
| 2:52 | Build | Lumber Camp |
| 2:59 | Queue | Villager (Male) |
| 3:44 | Queue | Villager (Male) |
| 4:11 | Queue | Villager (Male) |
| 4:20 | Build | House |
| 4:27 | Queue | Villager (Male) |
| 4:53 | Queue | Villager (Male) |
| 5:26 | Build | Mill |
| 5:39 | Queue | Villager (Male) |
| 5:39 | Queue | Villager (Male) |
| 6:24 | Queue | Villager (Male) |
| 6:45 | Research | Loom |
| 7:09 | Build | Palisade Wall |
| 7:10 | Build | Palisade Wall |
| 7:13 | Build | Palisade Wall |
| 7:24 | Build | Palisade Wall |
| 7:55 | Queue | Villager (Male) |
| 8:01 | Build | Palisade Wall |
| 8:02 | Build | Palisade Wall |
| 8:03 | Build | Palisade Wall |
| 8:07 | Build | Palisade Wall |
| 8:08 | Build | Palisade Wall |
| 8:09 | Build | Palisade Wall |
| 8:12 | Build | Palisade Wall |
| 8:14 | Build | Palisade Wall |
| 8:30 | Build | Farm |
| 8:33 | Build | Farm |
| 8:35 | Build | Farm |
| 8:38 | Queue | Villager (Male) |
| 8:40 | Research | Feudal Age |
| 9:37 | Build | Farm |
| 9:47 | Build | Farm |
| 9:58 | Queue | Villager (Male) |
| 10:05 | Build | House |
| 10:12 | Build | House |
| 10:47 | Build | Barracks |
| 10:50 | Age | Feudal Age |
| 11:01 | Research | Double-Bit Axe |
| 11:01 | Research | Double-Bit Axe |
| 11:17 | Queue | Villager (Male) |
| 11:22 | Build | House |
| 11:30 | Queue | Spearman |
| 11:33 | Queue | Villager (Male) |
| 11:36 | Build | Farm |
| 11:43 | Build | House |
| 12:02 | Queue | Villager (Male) |
| 12:02 | Queue | Villager (Male) |
| 12:27 | Build | Archery Range |
| 12:48 | Queue | Villager (Male) |
| 12:48 | Queue | Villager (Male) |
| 13:16 | Queue | Archer |
| 13:20 | Queue | Villager (Male) |
| 13:31 | Queue | Villager (Male) |
| 13:36 | Build | Lumber Camp |
| 14:02 | Queue | Villager (Male) |
| 14:07 | Queue | Skirmisher |
| 14:07 | Queue | Skirmisher |
| 14:10 | Queue | Villager (Male) |
| 14:32 | Build | Farm |
| 14:42 | Queue | Skirmisher |
| 15:08 | Build | Watch Tower |
| 15:32 | Queue | Villager (Male) |
| 15:33 | Queue | Villager (Male) |
| 15:35 | Queue | Skirmisher |
| 15:35 | Queue | Skirmisher |
| 15:39 | Build | House |
| 15:50 | Build | Farm |
| 15:54 | Build | Mining Camp |
| 16:11 | Queue | Villager (Male) |
| 16:11 | Queue | Villager (Male) |
| 16:56 | Queue | Villager (Male) |
| 18:05 | Queue | Villager (Male) |
| 18:05 | Queue | Villager (Male) |
| 18:05 | Queue | Villager (Male) |
| 18:09 | Queue | Skirmisher |
| 18:24 | Build | House |
| 18:35 | Research | Town Watch |
| 19:00 | Queue | Villager (Male) |
| 19:22 | Queue | Villager (Male) |
| 19:35 | Queue | Villager (Male) |
| 19:35 | Queue | Villager (Male) |
| 19:35 | Queue | Villager (Male) |
| 19:53 | Queue | Archer |
| 19:53 | Queue | Archer |
| 20:41 | Queue | Villager (Male) |
| 20:41 | Queue | Villager (Male) |
| 20:42 | Queue | Villager (Male) |
| 20:55 | Build | Lumber Camp |
| 21:05 | Build | House |
| 22:13 | Queue | Villager (Male) |
| 22:59 | Queue | Villager (Male) |
| 23:16 | Build | Farm |
| 23:16 | Build | Farm |
| 23:16 | Build | Farm |
| 24:34 | Build | Farm |
| 25:08 | Queue | Villager (Male) |
| 25:08 | Queue | Villager (Male) |
| 25:09 | Queue | Villager (Male) |
| 25:09 | Queue | Villager (Male) |
| 25:09 | Queue | Villager (Male) |
| 25:09 | Queue | Villager (Male) |
| 25:09 | Queue | Villager (Male) |
| 25:10 | Queue | Villager (Male) |
| 25:10 | Queue | Villager (Male) |
| 25:33 | Queue | Archer |
Build order — Philippvs II
115 actions detected in the replay
| 0:01 | Queue | Villager (Male) |
| 0:02 | Build | House |
| 0:03 | Build | House |
| 0:07 | Queue | Villager (Male) |
| 0:07 | Queue | Villager (Male) |
| 0:07 | Queue | Villager (Male) |
| 1:03 | Research | Loom |
| 1:14 | Queue | Villager (Male) |
| 2:03 | Queue | Villager (Male) |
| 2:19 | Research | Loom |
| 2:37 | Queue | Villager (Male) |
| 3:25 | Queue | Villager (Male) |
| 3:31 | Build | House |
| 3:33 | Build | House |
| 3:37 | Queue | Villager (Male) |
| 4:16 | Build | Barracks |
| 4:18 | Queue | Villager (Male) |
| 4:46 | Queue | Villager (Male) |
| 5:20 | Queue | Militia |
| 5:33 | Queue | Militia ×4 |
| 5:33 | Queue | Militia ×4 |
| 5:38 | Queue | Villager (Male) |
| 6:04 | Queue | Villager (Male) |
| 6:22 | Build | Lumber Camp |
| 6:58 | Queue | Villager (Male) |
| 7:27 | Build | Palisade Wall |
| 7:56 | Build | Palisade Wall |
| 7:57 | Build | Palisade Wall |
| 8:32 | Build | House |
| 9:14 | Build | Mill |
| 9:38 | Research | Feudal Age |
| 9:39 | Research | Feudal Age |
| 10:00 | Build | Palisade Wall |
| 10:24 | Build | Palisade Wall |
| 11:10 | Build | Mining Camp |
| 11:48 | Age | Feudal Age |
| 11:51 | Build | Watch Tower |
| 11:53 | Queue | Spearman |
| 11:57 | Build | House |
| 11:58 | Queue | Villager (Male) |
| 12:00 | Queue | Villager (Male) |
| 12:30 | Build | Archery Range |
| 12:45 | Build | Palisade Gate |
| 12:50 | Build | Palisade Wall |
| 12:59 | Research | Man-at-Arms (upgrade) |
| 12:59 | Queue | Militia |
| 13:22 | Build | Watch Tower |
| 13:30 | Build | Archery Range |
| 13:43 | Queue | Militia |
| 13:48 | Build | Farm |
| 13:48 | Build | Farm |
| 15:01 | Queue | Skirmisher |
| 15:02 | Queue | Skirmisher |
| 15:23 | Build | House |
| 15:30 | Queue | Spearman |
| 15:37 | Build | House |
| 15:46 | Build | Palisade Wall |
| 15:48 | Build | Palisade Wall |
| 15:55 | Build | Watch Tower |
| 15:59 | Queue | Skirmisher |
| 16:07 | Build | House |
| 16:09 | Build | Palisade Wall |
| 16:10 | Build | Palisade Wall |
| 16:10 | Build | Palisade Wall |
| 16:27 | Build | Farm |
| 16:36 | Build | Watch Tower |
| 16:46 | Build | House |
| 16:59 | Queue | Eagle Scout |
| 17:34 | Build | Archery Range |
| 17:58 | Queue | Villager (Male) |
| 18:01 | Build | Mining Camp |
| 18:29 | Build | House |
| 18:29 | Queue | Villager (Male) |
| 18:34 | Build | House |
| 18:48 | Build | Palisade Wall |
| 18:49 | Build | Palisade Wall |
| 18:49 | Build | Palisade Wall |
| 19:11 | Build | Outpost |
| 19:16 | Queue | Eagle Scout |
| 19:27 | Build | Palisade Wall |
| 19:43 | Queue | Villager (Male) |
| 19:47 | Queue | Archer |
| 19:47 | Queue | Archer |
| 20:07 | Build | Palisade Wall |
| 20:24 | Queue | Skirmisher |
| 20:46 | Queue | Archer |
| 20:59 | Build | Mining Camp |
| 21:00 | Queue | Villager (Male) |
| 21:03 | Build | Farm |
| 21:14 | Queue | Archer |
| 21:51 | Queue | Villager (Male) |
| 21:53 | Build | Farm |
| 22:11 | Queue | Archer |
| 22:47 | Queue | Villager (Male) |
| 22:50 | Build | Farm |
| 22:51 | Queue | Villager (Male) |
| 22:53 | Build | Blacksmith |
| 23:09 | Build | Farm |
| 23:15 | Queue | Archer |
| 23:16 | Queue | Archer |
| 23:38 | Build | House |
| 23:40 | Build | House |
| 23:44 | Queue | Archer |
| 23:58 | Queue | Archer |
| 24:22 | Build | House |
| 24:29 | Research | Padded Archer Armor |
| 24:33 | Queue | Archer |
| 24:43 | Queue | Villager (Male) |
| 24:48 | Build | Lumber Camp |
| 24:50 | Research | Double-Bit Axe |
| 25:06 | Queue | Archer |
| 25:16 | Build | Palisade Wall |
| 25:17 | Build | Palisade Wall |
| 25:18 | Build | Palisade Wall |
| 25:37 | Queue | Villager (Male) |
Match timeline
| 4:16 | Philippvs II · first_building Barracks |
| 7:09 | Judasrules · wall_segment Palisade Wall x1 |
| 7:10 | Judasrules · wall_segment Palisade Wall x1 |
| 7:13 | Judasrules · wall_segment Palisade Wall x1 |
| 7:24 | Judasrules · wall_segment Palisade Wall x1 |
| 7:27 | Philippvs II · wall_segment Palisade Wall x5 |
| 7:56 | Philippvs II · wall_segment Palisade Wall x1 |
| 7:57 | Philippvs II · wall_segment Palisade Wall x2 |
| 8:01 | Judasrules · wall_segment Palisade Wall x1 |
| 8:02 | Judasrules · wall_segment Palisade Wall x1 |
| 8:03 | Judasrules · wall_segment Palisade Wall x1 |
| 8:07 | Judasrules · wall_segment Palisade Wall x1 |
| 8:08 | Judasrules · wall_segment Palisade Wall x1 |
| 8:09 | Judasrules · wall_segment Palisade Wall x1 |
| 8:12 | Judasrules · wall_segment Palisade Wall x1 |
| 8:14 | Judasrules · wall_segment Palisade Wall x1 |
| 10:00 | Philippvs II · wall_segment Palisade Wall x1 |
| 10:24 | Philippvs II · wall_segment Palisade Wall x3 |
| 10:47 | Judasrules · first_building Barracks |
| 10:50 | Judasrules · age_up feudal |
| 11:48 | Philippvs II · age_up feudal |
| 12:27 | Judasrules · first_building Archery Range |
| 12:30 | Philippvs II · first_building Archery Range |
| 12:50 | Philippvs II · wall_segment Palisade Wall x1 |
| 15:46 | Philippvs II · wall_segment Palisade Wall x2 |
| 15:48 | Philippvs II · wall_segment Palisade Wall x1 |
| 16:09 | Philippvs II · wall_segment Palisade Wall x3 |
| 16:10 | Philippvs II · wall_segment Palisade Wall x1 |
| 16:10 | Philippvs II · wall_segment Palisade Wall x1 |
| 18:48 | Philippvs II · wall_segment Palisade Wall x1 |
| 18:49 | Philippvs II · wall_segment Palisade Wall x1 |
| 18:49 | Philippvs II · wall_segment Palisade Wall x3 |
| 19:27 | Philippvs II · wall_segment Palisade Wall x1 |
| 20:07 | Philippvs II · wall_segment Palisade Wall x1 |
| 25:16 | Philippvs II · wall_segment Palisade Wall x3 |
| 25:17 | Philippvs II · wall_segment Palisade Wall x4 |
| 25:18 | Philippvs II · wall_segment Palisade Wall x1 |
| 25:40 | Judasrules · resign |
[ AI ANALYSIS · 1 CREDIT ]
What really happened in this match?
Wolo.gg analyzes every decision: build order, eco, micro, common mistakes by bracket. Personalized analysis on WhatsApp or Discord in 30 seconds.
Civ guide
Spanish
Perfil
Jugador #310100